Map: Catalyst LE

Players

HeroMarine

  • Race: Terran Terran
  • Spawn Location: 5:00

Serral - Winner!

  • Race: Zerg Zerg
  • Spawn Location: 11:00

Event: WCS Austin 2018

VOD

Have the link to the VOD?

Description

Time

  • Played on: June 3, 2018, 12:41 p.m.
  • Length: 14:44

All games in this series

Show
View Real Time Build Order
Export as new Build Order

HeroMarine Terran 

Build Orders: Gas First Reaper Expand, Reaper Expand, Hellion Banshee, MMM Bio 

Get SALT Encoding   

  12  0:00  SCV  
  13  0:12  SCV  
  14  0:17  Supply Depot  
  14  0:24  SCV  
  14  0:27  Refinery  
  15  0:39  SCV  
  16  0:44  Barracks  
  16  0:51  SCV  
  17  1:03  SCV  
  18  1:15  SCV  
  19  1:31  Orbital Command, Reaper  
  20  1:44  Command Center  
  20  1:54  Factory  
  20  1:58  SCV  
  21  2:04  Barracks Reactor  
  21  2:10  SCV  
  21  2:15  Supply Depot  
  22  2:18  Refinery  
  22  2:22  SCV  
  23  2:37  SCV  
  24  2:41  Starport  
  24  2:45  Hellion x2  
  24  2:49  SCV  
  29  2:56  Orbital Command, Barracks Tech Lab  
  28  3:01  SCV  
  29  3:06  Hellion  
  29  3:10  Hellion  
  33  3:13  SCV  
  34  3:24  SCV  
  34  3:25  SCV  
  36  3:28  Hellion  
  36  3:32  Hellion  
  40  3:36  SCV  
  40  3:37  SCV  
  40  3:41  Viking  
  45  3:50  Supply Depot, SCV x2  
  46  3:58  Supply Depot  
  46  4:09  Barracks Tech Lab  
  46  4:11  Cyclone x2, SCV x2  
  54  4:19  Banshee  
  54  4:23  SCV x2  
  59  4:32  Marine, Command Center  
  59  4:35  SCV x2  
  62  4:42  Stimpack  
  62  4:46  Engineering Bay x2  
  62  4:51  Supply Depot  
  62  5:03  Factory Reactor  
  62  5:05  Barracks  
  62  5:06  Barracks  
  62  5:12  SCV x2, Marine  
  65  5:15  Starport Reactor, Bunker  
  65  5:18  Siege Tank, Bunker  
  68  5:24  SCV x2  
  70  5:30  Marine  
  71  5:37  SCV x2  
  73  5:48  Marine  
  73  5:49  SCV x2  
  76  5:50  Siege Tank  
  76  5:54  Marine x2  
  81  6:00  Supply Depot  
  81  6:01  Starport Reactor, SCV x2  
  83  6:05  Marine  
  84  6:12  Terran Infantry Weapons Level 1, Terran Infantry Armor Level 1, Marine x2  
  84  6:13  SCV x2, Marine x2  
  80  6:23  Marine  
  80  6:25  SCV x2  
  67  6:30  Marine x2  
  67  6:31  Marine  
  59  6:37  SCV  
  52  6:41  Marine  
  52  6:43  SCV  
  50  6:48  Marine x2  
  50  6:49  SCV, Medivac  
  54  6:55  SCV  
  54  6:56  Marine  
  54  6:57  Combat Shield  
  56  7:01  Orbital Command, SCV  
  56  7:08  SCV  
  58  7:09  Marine x3  
  58  7:13  Marine  
  58  7:14  SCV  
  63  7:16  Medivac  
  63  7:19  Marine  
  63  7:20  SCV  
  67  7:26  SCV, Marine  
  67  7:27  Marine x2  
  67  7:29  SCV  
  70  7:30  Marine  
  70  7:32  SCV  
  70  7:35  Medivac  
  74  7:37  Marine  
  74  7:38  SCV  
  74  7:41  SCV  
  74  7:42  Supply Depot  
  74  7:44  Refinery, SCV  
  78  7:45  Refinery  
  78  7:46  Marine  
  78  7:47  Marine x2  
  78  7:50  SCV  
  82  7:54  Orbital Command  
  82  7:56  Supply Depot, SCV, Marine  
  82  7:57  Marine  
  85  8:02  SCV  
  85  8:04  Armory, Marine  
  85  8:05  Marine  
  88  8:08  SCV  
  89  8:14  SCV, Marine  
  89  8:15  Marine  
  89  8:18  Barracks  
  89  8:19  Barracks  
  92  8:20  SCV  
  92  8:23  SCV  
  92  8:24  Marine  
  92  8:25  Marine  
  92  8:26  SCV  
  97  8:28  Marine  
  97  8:32  SCV, Marine  
  100  8:34  Supply Depot  
  100  8:35  Supply Depot, SCV  
  100  8:38  SCV  
  100  8:39  Marine  
  103  8:42  Marine x2  
  103  8:44  SCV  
  103  8:46  Marine  
  103  8:48  SCV  
  108  8:50  SCV  
  108  8:53  Supply Depot  
  108  8:55  Supply Depot, Terran Infantry Weapons Level 2  
  109  8:56  SCV  
  109  9:00  SCV, Factory  
  111  9:07  Terran Infantry Armor Level 2  
  106  9:11  Marauder, Barracks Reactor  
  106  9:12  Siege Tank, Barracks Reactor, Marine  
  106  9:15  SCV x3  
  115  9:19  Marine x2  
  115  9:20  Marine  
  118  9:25  Refinery  
  118  9:28  Refinery  
  118  9:31  Terran Vehicle Weapons Level 1  
  118  9:33  Medivac  
  118  9:36  Marine x2  
  118  9:37  Marine x2  
  124  9:45  Siege Tank  
  127  9:51  Marine x2  
  127  9:52  Factory Tech Lab  
  129  9:53  SCV x2  
  129  9:54  Marauder  
  129  9:55  SCV  
  129  9:56  Marine x2  
  129  9:57  Marine x2  
  129  9:58  Marine  
  139  10:03  Supply Depot, Marine  
  139  10:04  Supply Depot  
  140  10:09  Marine  
  140  10:12  Siege Tank  
  140  10:13  Medivac  
  146  10:15  Barracks x2, Medivac  
  146  10:17  Barracks  
  148  10:25  Marauder, Siege Tank  
  148  10:27  Marine x3  
  148  10:28  Supply Depot, Marine  
  154  10:29  Marine x2  
  154  10:30  Marine x2  
  159  10:45  Siege Tank, Marine x3  
  159  10:48  Supply Depot  
  159  10:49  Marine x3  
  170  10:50  Marauder, Marine x2  
  170  10:51  Supply Depot  
  172  11:01  Orbital Command  
  172  11:02  Marine  
  173  11:05  Supply Depot  
  173  11:08  Marine x10, Medivac x2  
  173  11:11  Marine  
  171  11:16  Siege Tank  
  166  11:20  Marine  
  163  11:26  Marine x4  
  163  11:30  Marine  
  163  11:31  Marine x4  
  172  11:33  Marine x2  
  172  11:38  Marine  
  175  11:43  Marine x4  
  179  11:48  Marine  
  179  11:49  Marine  
  181  11:54  Supply Depot, Marine x3  
  181  11:55  Marine x2  
  181  11:56  Marine  
  136  12:10  Medivac x2  
  136  12:11  Marine x6  
  136  12:12  Marine x3  
  136  12:13  Marine  
  136  12:14  Marine x2  
  147  12:28  Marine  
  147  12:29  Marine x5  
  136  12:30  Marine x3  
  136  12:31  Marine  
  136  12:32  Marine x2  
  123  12:46  Siege Tank, Marine x4  
  123  12:47  Marine x2  
  123  12:48  Marine x2  
  123  12:50  Marine x2  
  110  12:51  Marine x2  
  103  13:00  Siege Tank, Medivac  
  103  13:01  Medivac  
  103  13:04  Orbital Command, Marine x5  
  103  13:05  Marine  
  116  13:06  Marine  
  116  13:08  Marine  
  116  13:10  Barracks Reactor x3  
  116  13:11  Marine  
  119  13:18  Unknown x2  
  119  13:19  Unknown  
  119  13:22  Marine x6  
  119  13:24  Marine  
  119  13:26  Marine  
  127  13:29  Marine  
  127  13:30  Siege Tank  
  127  13:32  Unknown  
  131  13:40  Marine x6  
  126  13:42  Marine  
  126  13:44  Marine  
  126  13:46  Marine  
  113  13:49  Marine x2  
  113  13:50  Siege Tank  
  113  13:52  Marine  
  116  13:57  Marine x4  
  116  13:58  Marine x5  
  116  13:59  Medivac x2  
  116  14:00  Marine  
  130  14:04  Marine  
  130  14:05  Marine  
  130  14:06  Marine  
  130  14:08  Marine  
  134  14:10  Marine  
  134  14:12  Orbital Command  
  135  14:19  Marine x4  
  135  14:21  Marine  
Show
View Real Time Build Order
Export as new Build Order

Serral Zerg - Winner!

Build Orders: Hatch First 

Get SALT Encoding   

  12  0:00  Drone  
  13  0:12  Overlord  
  13  0:17  Drone  
  14  0:31  Drone x2  
  14  0:34  Drone  
  17  0:51  Hatchery  
  17  0:55  Drone  
  17  0:57  Drone  
  18  1:09  Extractor  
  17  1:12  Spawning Pool  
  17  1:16  Drone  
  17  1:19  Drone  
  18  1:28  Drone  
  19  1:38  Overlord  
  19  1:50  Drone  
  20  1:59  Queen  
  20  2:01  Zergling x2  
  23  2:03  Queen  
  23  2:04  Zergling x2  
  26  2:11  Metabolic Boost  
  26  2:12  Drone  
  26  2:14  Drone  
  28  2:21  Drone  
  29  2:26  Drone  
  30  2:35  Hatchery  
  29  2:42  Queen  
  31  2:47  Overlord  
  31  2:50  Drone  
  32  2:53  Drone  
  32  2:56  Drone  
  34  3:00  Drone  
  34  3:01  Drone  
  36  3:08  Drone x2  
  36  3:09  Overlord  
  36  3:12  Drone  
  39  3:13  Drone  
  40  3:23  Zergling x4  
  40  3:27  Queen  
  41  3:28  Drone  
  41  3:31  Drone  
  45  3:40  Drone x4  
  49  3:41  Roach Warren  
  49  3:43  Extractor x2  
  49  3:48  Zergling x2  
  47  3:49  Drone x2  
  47  3:55  Zergling x2  
  50  3:56  Lair  
  50  3:57  Drone  
  50  3:59  Drone  
  50  4:01  Drone  
  53  4:09  Pneumatized Carapace  
  53  4:12  Overlord x2  
  53  4:19  Zergling x4  
  53  4:20  Overlord  
  53  4:23  Overlord  
  55  4:34  Overlord  
  55  4:37  Spore Crawler  
  55  4:38  Drone  
  55  4:44  Roach x5  
  65  4:46  Roach  
  65  4:49  Roach  
  69  4:54  Roach  
  69  4:56  Roach  
  73  5:01  Overlord, Roach x2  
  76  5:09  Roach x3  
  82  5:18  Zergling x10  
  87  5:22  Overlord  
  87  5:23  Overlord  
  87  5:25  Overseer  
  87  5:33  Zergling x4  
  87  5:35  Overlord  
  89  5:48  Ravager x4  
  93  5:50  Zergling x18  
  93  5:52  Ravager  
  103  6:01  Overlord, Ravager  
  99  6:17  Zergling x14  
  80  6:26  Zergling x8  
  80  6:31  Zergling x4  
  73  6:32  Overseer  
  73  6:33  Queen x2  
  73  6:34  Zergling x2  
  73  6:39  Drone x2  
  64  6:47  Drone  
  64  6:51  Drone x2  
  65  6:55  Drone  
  65  6:59  Evolution Chamber  
  65  7:00  Drone x2  
  67  7:02  Baneling Nest  
  67  7:04  Drone x3  
  67  7:06  Drone  
  70  7:12  Queen  
  70  7:13  Queen  
  70  7:14  Burrow  
  74  7:16  Drone x3  
  77  7:25  Drone x2  
  77  7:26  Zerg Ground Armor Level 1  
  79  7:33  Drone x4  
  79  7:34  Drone  
  84  7:45  Zergling x16  
  84  7:48  Centrifical Hooks  
  84  7:49  Baneling  
  84  7:50  Baneling x3  
  92  7:53  Queen x2  
  92  7:55  Extractor  
  95  8:02  Drone x5  
  95  8:04  Extractor  
  99  8:13  Hatchery  
  99  8:17  Drone  
  99  8:20  Hydralisk Den, Zergling x14  
  99  8:21  Evolution Chamber  
  99  8:24  Baneling x2  
  99  8:25  Baneling x2  
  104  8:32  Baneling x10  
  104  8:33  Zergling x4  
  105  8:34  Overlord  
  105  8:40  Baneling  
  105  8:41  Zergling x2  
  106  8:42  Overlord x2  
  106  8:47  Zerg Melee Weapons Level 1  
  106  8:51  Muscular Augments  
  106  8:53  Drone x6  
  106  9:03  Zergling x8  
  106  9:09  Zergling x14  
  115  9:12  Drone  
  115  9:16  Baneling x2  
  116  9:19  Drone x5  
  121  9:25  Baneling x2  
  121  9:26  Zergling x6  
  121  9:27  Baneling x2  
  121  9:30  Zergling x2  
  123  9:35  Queen  
  125  9:49  Hatchery  
  125  9:51  Hydralisk x7  
  135  9:53  Overlord x2  
  135  9:58  Zerg Ground Armor Level 2  
  135  10:02  Grooved Spines  
  135  10:10  Overlord x2  
  135  10:11  Overlord x3  
  135  10:12  Hydralisk  
  135  10:13  Hydralisk x2  
  141  10:25  Hydralisk x3  
  141  10:26  Zergling x14  
  151  10:33  Drone x7  
  157  10:38  Baneling x4, Zergling x2  
  157  10:41  Zergling x4  
  159  10:47  Zergling x2  
  159  10:48  Zergling x10  
  165  10:54  Zerg Melee Weapons Level 2  
  165  10:56  Zergling x2  
  165  10:57  Zergling x18  
  175  11:04  Overlord  
  175  11:06  Baneling x18  
  175  11:10  Zergling x8  
  158  11:27  Drone x2  
  158  11:30  Infestation Pit, Queen  
  158  11:31  Hydralisk x2  
  158  11:32  Zergling x28  
  177  11:34  Baneling x10  
  177  11:37  Zergling x6  
  180  11:42  Baneling x4  
  180  11:43  Baneling x3, Zergling x2  
  180  11:44  Zergling x4  
  183  11:50  Zergling x2, Hydralisk x2  
  183  11:51  Zergling x2  
  171  12:03  Zergling x32  
  171  12:06  Queen x2  
  157  12:10  Zergling x4  
  157  12:11  Baneling x4  
  157  12:12  Baneling x6  
  157  12:13  Queen  
  156  12:18  Zergling x10  
  161  12:24  Zergling x4  
  161  12:25  Baneling x13  
  145  12:30  Zergling x20  
  145  12:35  Zergling x6  
  137  12:45  Zergling x10  
  137  12:48  Zergling x8  
  137  12:51  Zergling x2  
  133  12:52  Baneling x7  
  133  12:54  Hydralisk x3  
  133  12:57  Overseer  
  131  12:59  Zergling x18  
  131  13:00  Baneling x3  
  131  13:01  Hydralisk  
  131  13:03  Hydralisk  
  131  13:04  Hydralisk  
  146  13:10  Hydralisk x2  
  150  13:16  Baneling x5  
  150  13:19  Drone  
  151  13:20  Hydralisk, Drone  
  151  13:22  Zergling x4  
  156  13:27  Zergling x10  
  159  13:36  Zergling x10  
  156  13:41  Zergling x4  
  156  13:42  Zergling x12  
  156  13:46  Zergling x8  
  158  13:51  Zergling x12  
  163  13:55  Zergling x4  
  163  13:56  Hatchery  
  163  14:00  Baneling  
  163  14:01  Baneling x6, Hydralisk x2  
  163  14:02  Zergling x8  
  172  14:05  Zergling x2  
  172  14:08  Baneling x6  
  173  14:10  Baneling x4  
  173  14:12  Zergling x16  
  181  14:18  Baneling x4  
  181  14:19  Baneling x5  
  181  14:21  Zergling x16  
  189  14:25  Baneling x3  
Tags
 
Add a new tag
Caveats
  • Supply blocks, unpowered buildings, or Contaminate may cause inaccurate times.
  • Supply counts are checked every 10 seconds.